NCAA
AUBURN TIGERS @ RUTGERS SCARLET KNIGHTS
04/15/2028
 
TOP OF THE 1ST
Auburn Tigers batting - Pitching for Rutgers Scarlet Knights : LHP Rubén De La Garza
Pitching: LHP Rubén De La Garza
Batting: RHB Bill Petty 0-0: Called Strike
0-1: Ball
1-1: Swinging Strike
1-2: Ground out 6-3 (Groundball, 6)
Batting: RHB Travis Curtis 0-0: Ball
1-0: Ball
2-0: Called Strike
2-1: Ball
3-1: Ground out 6-3 (Groundball, 6)
Batting: RHB Robert Porter 0-0: Ball
1-0: Ball
2-0: Called Strike
2-1: Fly out, F8 (Flyball, 89M)
Top of the 1st over - 0 run(s), 0 hit(s), 0 error(s), 0 left on base; Auburn 0 - Rutgers 0
BOTTOM OF THE 1ST
Rutgers Scarlet Knights batting - Pitching for Auburn Tigers : LHP Román Louzao
Pitching: LHP Román Louzao
Batting: LHB Dave Watkins 0-0: SINGLE (Flyball, 8LS)
Batting: SHB Pat Brock 0-0: Swinging Strike
0-1: SINGLE (Line Drive, 89S)
Dave Watkins to second
Batting: LHB Carlos Hernández 0-0: Ball
Wild Pitch!
Dave Watkins to third
Pat Brock to second
1-0: Ball
2-0: Ball
3-0: Base on Balls
Batting: RHB Chris Barker 0-0: Ball
1-0: Fly out, F6 (Popup, 56D)
Batting: RHB Eric Green 0-0: Ball
1-0: Foul Ball, location: 2F
1-1: Ball
2-1: Ball
3-1: Swinging Strike
3-2: Base on Balls
Dave Watkins scores
Pat Brock to third
Carlos Hernández to second
Batting: LHB Ryan Washington 0-0: Ball
Wild Pitch!
Pat Brock scores
Carlos Hernández to third
Eric Green to second
1-0: Ground out 4-3 (Groundball, 4)
Carlos Hernández scores
Eric Green to third
Batting: RHB Joseph McCarteney 0-0: Ball
1-0: Fly out, F9 (Flyball, 9S)
Bottom of the 1st over - 3 run(s), 2 hit(s), 0 error(s), 1 left on base; Auburn 0 - Rutgers 3
TOP OF THE 2ND
Auburn Tigers batting - Pitching for Rutgers Scarlet Knights : LHP Rubén De La Garza
Batting: SHB Bruce MacPherson 0-0: Called Strike
0-1: Ball
1-1: Ball
2-1: Ball
3-1: Base on Balls
Batting: LHB Matt Kennedy 0-0: Called Strike
0-1: Grounds into double play, 1-4-3 (Groundball, 15S)
Batting: RHB Mike Farley 0-0: Ball
1-0: Foul Ball, location: 2F
1-1: Ball
2-1: Ball
3-1: Called Strike
3-2: Ground out 5-3 (Groundball, 56)
Top of the 2nd over - 0 run(s), 0 hit(s), 0 error(s), 0 left on base; Auburn 0 - Rutgers 3
BOTTOM OF THE 2ND
Rutgers Scarlet Knights batting - Pitching for Auburn Tigers : LHP Román Louzao
Batting: RHB Harry Wilkins 0-0: Ball
1-0: Ball
2-0: Ball
3-0: Base on Balls
Batting: RHB Jesús León 0-0: Foul Ball, location: 2F
0-1: Ball
1-1: Called Strike
1-2: Ball
2-2: Fly out, F2 (Popup, 2L)
Batting: LHB Dave Watkins 0-0: Swinging Strike
0-1: Foul Ball, location: 2F
0-2: Grounds into double play, 4-6-3 (Groundball, 4)
Bottom of the 2nd over - 0 run(s), 0 hit(s), 0 error(s), 0 left on base; Auburn 0 - Rutgers 3
TOP OF THE 3RD
Auburn Tigers batting - Pitching for Rutgers Scarlet Knights : LHP Rubén De La Garza
Batting: RHB Patrick Stewart 0-0: Called Strike
0-1: Ground out 5-3 (Groundball, 56)
Batting: LHB Glenn Woollams 0-0: Ball
1-0: SINGLE (Groundball, 4MD)
Batting: SHB Andrew Johnson 0-0: Swinging Strike
0-1: Foul Ball, location: 2F
0-2: Ball
1-2: Ball
2-2: Foul Ball, location: 2F
2-2: Strikes out looking
Batting: RHB Bill Petty 0-0: Ball
Glenn Woollams is caught stealing 2nd base
Top of the 3rd over - 0 run(s), 1 hit(s), 0 error(s), 0 left on base; Auburn 0 - Rutgers 3
BOTTOM OF THE 3RD
Rutgers Scarlet Knights batting - Pitching for Auburn Tigers : LHP Román Louzao
Batting: SHB Pat Brock 0-0: Foul Ball, location: 2F
0-1: Bunt missed!
0-2: SINGLE (Groundball, 4MD)
Batting: LHB Carlos Hernández 0-0: Ball
1-0: Ball
2-0: Ball
3-0: Base on Balls
Pat Brock to second
Batting: RHB Chris Barker 0-0: Swinging Strike
0-1: Foul Ball, location: 2F
0-2: Ball
1-2: Foul Ball, location: 2F
1-2: Strikes out swinging
Batting: RHB Eric Green 0-0: Fly out, F8 (Flyball, 8RM)
Batting: LHB Ryan Washington 0-0: SINGLE (Line Drive, 4M)
Pat Brock to third
Carlos Hernández to second
Batting: RHB Joseph McCarteney 0-0: Called Strike
0-1: Foul Ball, location: 2F
0-2: Ball
1-2: Ball
2-2: Ball
3-2: Foul Ball, location: 2F
3-2: Foul Ball, location: 2F
3-2: Base on Balls
Pat Brock scores
Carlos Hernández to third
Ryan Washington to second
Batting: RHB Harry Wilkins 0-0: Fly out, F9 (Flyball, 9LMF)
Bottom of the 3rd over - 1 run(s), 2 hit(s), 0 error(s), 3 left on base; Auburn 0 - Rutgers 4
TOP OF THE 4TH
Auburn Tigers batting - Pitching for Rutgers Scarlet Knights : LHP Rubén De La Garza
Batting: RHB Bill Petty 0-0: Called Strike
0-1: Swinging Strike
0-2: Ball
1-2: Ball
2-2: Fly out, F8 (Line Drive, 8LM)
Batting: RHB Travis Curtis 0-0: Ball
1-0: Swinging Strike
1-1: Ball
2-1: Ball
3-1: Ground out 5-3 (Groundball, 56S)
Batting: RHB Robert Porter 0-0: Called Strike
0-1: Swinging Strike
0-2: Strikes out looking
Top of the 4th over - 0 run(s), 0 hit(s), 0 error(s), 0 left on base; Auburn 0 - Rutgers 4
BOTTOM OF THE 4TH
Rutgers Scarlet Knights batting - Pitching for Auburn Tigers : LHP Román Louzao
Batting: RHB Jesús León 0-0: Called Strike
0-1: Ball
1-1: Foul Ball, location: 2F
1-2: Ground out 5-3 (Groundball, 56)
Batting: LHB Dave Watkins 0-0: Foul Ball, location: 2F
0-1: DOUBLE (Line Drive, 89D)
Batting: SHB Pat Brock 0-0: Foul Ball, location: 2F
0-1: Called Strike
0-2: Ball
1-2: Strikes out swinging
Batting: LHB Carlos Hernández 0-0: Called Strike
0-1: Ball
1-1: Called Strike
1-2: Foul Ball, location: 2F
1-2: Fly out, F7 (Flyball, 7)
Bottom of the 4th over - 0 run(s), 1 hit(s), 0 error(s), 1 left on base; Auburn 0 - Rutgers 4
TOP OF THE 5TH
Auburn Tigers batting - Pitching for Rutgers Scarlet Knights : LHP Rubén De La Garza
Batting: SHB Bruce MacPherson 0-0: Fly out, F9 (Flyball, 9)
Batting: LHB Matt Kennedy 0-0: Swinging Strike
0-1: Swinging Strike
0-2: Ball
1-2: Fly out, F3 (Popup, 34)
Batting: RHB Mike Farley 0-0: Called Strike
0-1: Ball
1-1: Foul Ball, location: 2F
1-2: Strikes out swinging
Top of the 5th over - 0 run(s), 0 hit(s), 0 error(s), 0 left on base; Auburn 0 - Rutgers 4
BOTTOM OF THE 5TH
Rutgers Scarlet Knights batting - Pitching for Auburn Tigers : LHP Román Louzao
Batting: RHB Chris Barker 0-0: Ball
1-0: Ball
2-0: DOUBLE (Groundball, 5L)
Batting: RHB Eric Green 0-0: Called Strike
0-1: Foul Ball, location: 2F
0-2: Ball
1-2: Ball
2-2: Fly out, F9 (Flyball, 9D)
Runner from 2nd tags up, SAFE at 3rd, no throw
Batting: LHB Ryan Washington 0-0: SINGLE (Groundball, 56D)
Chris Barker scores
Pitching: RHP Adrián Pérez
Batting: RHB Joseph McCarteney 0-0: Foul Ball, location: 2F
0-1: Ball
1-1: Ball
2-1: Ball
3-1: Foul Ball, location: 2F
3-2: Base on Balls
Ryan Washington to second
Batting: RHB Harry Wilkins 0-0: Ball
1-0: Ball
2-0: Single, Error in OF, E7, batter to second base
Ryan Washington scores
Joseph McCarteney to third
Batting: RHB Jesús León 0-0: Called Strike
0-1: Ball
1-1: Ball
2-1: Ball
Wild Pitch!
Joseph McCarteney scores
Harry Wilkins to third
3-1: Foul Ball, location: 2F
3-2: Base on Balls
Batting: LHB Dave Watkins 0-0: Called Strike
0-1: Ball
1-1: SINGLE (Line Drive, 8LS)
Harry Wilkins scores
Jesús León to second
Batting: SHB Pat Brock 0-0: Foul Ball, location: 2F
0-1: Called Strike
0-2: Ball
1-2: Ball
2-2: Ball
3-2: Fly out, F7 (Flyball, 7S)
Batting: LHB Carlos Hernández 0-0: Called Strike
0-1: Called Strike
0-2: Foul Ball, location: 2F
0-2: Fielders Choice at 2nd, U4 (Groundball, 4M)
Bottom of the 5th over - 4 run(s), 4 hit(s), 1 error(s), 2 left on base; Auburn 0 - Rutgers 8
TOP OF THE 6TH
Auburn Tigers batting - Pitching for Rutgers Scarlet Knights : LHP Rubén De La Garza
Batting: RHB Patrick Stewart 0-0: Ball
1-0: Ball
2-0: Ball
3-0: Base on Balls
Batting: LHB Glenn Woollams 0-0: Ball
1-0: Called Strike
1-1: Ball
2-1: Fly out, F6 (Line Drive, 56D)
Batting: SHB Andrew Johnson 0-0: Foul Ball, location: 2F
0-1: Ball
1-1: Ball
2-1: Swinging Strike
2-2: Strikes out looking
Batting: RHB Bill Petty 0-0: Ball
1-0: Foul Ball, location: 2F
1-1: Foul Ball, location: 2F
1-2: Strikes out swinging
Top of the 6th over - 0 run(s), 0 hit(s), 0 error(s), 1 left on base; Auburn 0 - Rutgers 8
BOTTOM OF THE 6TH
Rutgers Scarlet Knights batting - Pitching for Auburn Tigers : RHP Adrián Pérez
Batting: RHB Chris Barker 0-0: Hit by Pitch
Batting: RHB Eric Green 0-0: Ball
1-0: Ball
2-0: Ball
3-0: Called Strike
3-1: Foul Ball, location: 2F
3-2: Fly out, F9 (Flyball, 9D)
Batting: LHB Ryan Washington 0-0: Called Strike
0-1: Ball
1-1: Ball
2-1: Swinging Strike
2-2: Strikes out swinging
Batting: RHB Joseph McCarteney 0-0: Ball
1-0: Swinging Strike
1-1: Ball
2-1: Swinging Strike
2-2: Foul Ball, location: 2F
2-2: Ball
3-2: Strikes out swinging
Bottom of the 6th over - 0 run(s), 0 hit(s), 0 error(s), 1 left on base; Auburn 0 - Rutgers 8
TOP OF THE 7TH
Auburn Tigers batting - Pitching for Rutgers Scarlet Knights : LHP Rubén De La Garza
Batting: RHB Travis Curtis 0-0: Ball
1-0: Foul Ball, location: 2F
1-1: Swinging Strike
1-2: Ball
2-2: SINGLE (Flyball, 7S)
Pitching: RHP Billy Corbett
Batting: RHB Robert Porter 0-0: Foul Ball, location: 2F
0-1: Foul Ball, location: 2F
0-2: Strikes out swinging
Batting: SHB Bruce MacPherson 0-0: Called Strike
0-1: Swinging Strike
0-2: Ball
1-2: Strikes out swinging
Batting: LHB Matt Kennedy 0-0: Called Strike
Travis Curtis steals 2nd base
0-1: Swinging Strike
0-2: Strikes out swinging
Top of the 7th over - 0 run(s), 1 hit(s), 0 error(s), 1 left on base; Auburn 0 - Rutgers 8
BOTTOM OF THE 7TH
Rutgers Scarlet Knights batting - Pitching for Auburn Tigers : RHP Adrián Pérez
Batting: RHB Harry Wilkins 0-0: Called Strike
0-1: Ball
1-1: Foul Ball, location: 2F
1-2: Ball
2-2: SINGLE (Groundball, 6D)
Pitching: RHP Carl Woodward
Batting: RHB Jesús León 0-0: Foul Ball, location: 2F
0-1: Swinging Strike
0-2: Ball
1-2: Strikes out swinging
Batting: LHB Dave Watkins 0-0: Called Strike
0-1: Ball
1-1: Foul Ball, location: 2F
1-2: Foul Ball, location: 2F
1-2: Strikes out swinging
Batting: SHB Pat Brock 0-0: Ball
1-0: Foul Ball, location: 2F
1-1: SINGLE (Flyball, 7S)
Harry Wilkins to second
Batting: LHB Carlos Hernández 0-0: Hit by Pitch
Harry Wilkins to third
Pat Brock to second
Batting: RHB Chris Barker 0-0: Called Strike
0-1: Ball
1-1: Ball
2-1: Foul Ball, location: 2F
2-2: Ball
3-2: Strikes out looking
Bottom of the 7th over - 0 run(s), 2 hit(s), 0 error(s), 3 left on base; Auburn 0 - Rutgers 8
TOP OF THE 8TH
Auburn Tigers batting - Pitching for Rutgers Scarlet Knights : RHP Billy Corbett
Batting: RHB Mike Farley 0-0: Ground out 4-3 (Groundball, 4)
Batting: RHB Patrick Stewart 0-0: Ball
1-0: Ball
2-0: Foul Ball, location: 2F
2-1: Swinging Strike
2-2: Ball
3-2: Base on Balls
Batting: LHB Glenn Woollams 0-0: Ball
1-0: Ball
2-0: DOUBLE (Line Drive, 9)
Patrick Stewart to third
Batting: SHB Andrew Johnson 0-0: Foul Ball, location: 2F
0-1: Foul Ball, location: 2F
0-2: Ball
1-2: Ball
2-2: Foul Ball, location: 2F
2-2: Ball
3-2: Foul Ball, location: 2F
3-2: Base on Balls
Batting: RHB Bill Petty 0-0: Called Strike
0-1: Fly out, F9 (Flyball, 9LSF)
Runner from 3rd tags up, SCORES, no throw
Batting: RHB Travis Curtis 0-0: Ball
1-0: Ball
2-0: Ball
3-0: Called Strike
3-1: Called Strike
3-2: Base on Balls
Glenn Woollams to third
Andrew Johnson to second
Batting: RHB Robert Porter 0-0: SINGLE (Groundball, 56D)
Glenn Woollams scores
Andrew Johnson to third
Travis Curtis to second
Runner from 3rd tries for Home, SAFE, no throw
Pitching: RHP Steven Lawson
Batting: SHB Bruce MacPherson 0-0: Ball
1-0: Foul Ball, location: 2F
1-1: Foul Ball, location: 2F
1-2: 3-RUN HOME RUN (Flyball, 89XD), Distance : 389 ft
Batting: LHB Matt Kennedy 0-0: Ball
1-0: Ball
2-0: Ball
3-0: Called Strike
3-1: Called Strike
3-2: Fly out, F8 (Flyball, 8LS)
Top of the 8th over - 6 run(s), 3 hit(s), 0 error(s), 0 left on base; Auburn 6 - Rutgers 8
BOTTOM OF THE 8TH
Rutgers Scarlet Knights batting - Pitching for Auburn Tigers : RHP Carl Woodward
Batting: RHB Eric Green 0-0: Foul Ball, location: 2F
0-1: Ball
1-1: Called Strike
1-2: Reached on error, E5 (Groundball, 5S)
Batting: LHB Ryan Washington 0-0: Intentional Walk
Pinch Hitting: RHB Howard Battle 0-0: Sac Bunt - play at first, batter OUT! 3-4
Eric Green to third
Ryan Washington to second
Batting: RHB Harry Wilkins 0-0: Intentional Walk
Batting: RHB Jesús León 0-0: Called Strike
0-1: Reached on error, E6 (Groundball, 6M)
Eric Green scores
Ryan Washington to third
Harry Wilkins to second
Pitching: LHP Carl Piña
Batting: LHB Dave Watkins 0-0: Ball
1-0: Called Strike
1-1: Ball
2-1: Called Strike
2-2: Ball
3-2: Foul Ball, location: 2F
3-2: Base on Balls
Ryan Washington scores
Harry Wilkins to third
Jesús León to second
Batting: SHB Pat Brock 0-0: Ball
1-0: Ball
2-0: Ball
3-0: Called Strike
3-1: Fielders Choice at 2nd, 6-4 (Groundball, 56)
Harry Wilkins scores
Jesús León to third
Pitching: RHP Brandon Davis
Batting: LHB Carlos Hernández 0-0: Ball
1-0: Called Strike
1-1: Ball
2-1: Foul Ball, location: 2F
2-2: Strikes out looking
Bottom of the 8th over - 3 run(s), 0 hit(s), 2 error(s), 2 left on base; Auburn 6 - Rutgers 11
TOP OF THE 9TH
Auburn Tigers batting - Pitching for Rutgers Scarlet Knights : RHP Steven Lawson
Now in LF: Howard Battle
Batting: RHB Mike Farley 0-0: Ground out 6-3 (Groundball, 56)
Batting: RHB Patrick Stewart 0-0: Called Strike
0-1: Ground out 6-3 (Groundball, 6)
Batting: LHB Glenn Woollams 0-0: Ball
1-0: Ball
2-0: Called Strike
2-1: Called Strike
2-2: SINGLE (Line Drive, 78S)
Batting: SHB Andrew Johnson 0-0: Called Strike
0-1: Ball
1-1: Called Strike
1-2: Ball
2-2: Strikes out swinging
Top of the 9th over - 0 run(s), 1 hit(s), 0 error(s), 1 left on base; Auburn 6 - Rutgers 11
Tuesday, August 8th, 2017 - OOTP Baseball 17.12 Build 75